 Dungeon Crawl Stone Soup version 0.28-a0-909-g796cbd3a86 (webtiles) character file.

Game seed: 16618875667724465664

515 croobank the Insei (level 7, -5/44 HPs)
             Began as an Octopode Transmuter on Nov 24, 2021.
             Was a Follower of Makhleb.
             Killed by the air
             ... invoked by Gastronok
              (23 damage)
             ... on level 8 of the Dungeon.
             The game lasted 00:29:18 (4524 turns).

croobank the Insei (Octopode Transmuter)            Turns: 4524, Time: 00:29:19

Health: -5/44      AC:  1    Str: 12    XL:     7   Next: 20%
Magic:  11/11      EV: 17    Int: 15    God:    Makhleb [*.....]
Gold:   116        SH:  0    Dex: 12    Spells: 3/12 levels left

rFire   . . .      SeeInvis +   j - +0 hand axe (freeze)
rCold   . . .      Faith    .   (no shield)
rNeg    . . .      Spirit   .   (helmet currently unavailable)
rPois   .          Reflect  .   (no amulet)
rElec   .          Harm     .   w - ring of see invisible
rCorr   .          Rampage  .   y - +4 ring of evasion
Will    .....                   (no ring)
Stlth   +++.......              (no ring)
HPRegen 0.14/turn               (no ring)
MPRegen 0.12/turn               (no ring)
                                (no ring)
                                (no ring)

@: appendages
A: tentacle spike 3, almost no armour, amphibious, 8 rings, camouflage 1,
gelatinous body 1, (nimble swimmer 1), tentacles
a: End Transformation, Renounce Religion


You were on level 8 of the Dungeon.
You worshipped Makhleb.
Makhleb was aware of your devotion.
One of your tentacles had grown a beastly spike.
You visited 1 branch of the dungeon, and saw 6 of its levels.

You collected 116 gold pieces.

Inventory:

Hand Weapons
 a - a +0 trident
 b - a +0 hunting sling
 d - a +8 club
 j - a +0 hand axe of freezing (weapon)
 l - a +0 short sword of venom
 m - a +0 mace
 q - a +0 flail
 s - a +0 halberd
Missiles
 o - a boomerang
 p - 66 sling bullets
 u - 6 poisoned darts
 v - 173 stones
Armour
 r - a +0 tower shield
Jewellery
 w - a ring of see invisible (left tentacle)
 y - a +4 ring of evasion (right tentacle)
Scrolls
 c - a scroll of amnesia
 g - a scroll of teleportation {unknown}
 t - a scroll of immolation {unknown}
Potions
 e - a potion of lignification {unknown}
 f - a potion of heal wounds {unknown}
 h - 4 potions of curing
 i - a potion of degeneration {unknown}
 k - a potion of brilliance {unknown}
 n - a potion of invisibility {unknown}
 x - a potion of berserk rage {unknown}


   Skills:
 + Level 1.9 Fighting
 - Level 0.1(1.6) Axes
 - Level 2.5 Maces & Flails
 * Level 0.5(0.6) Polearms
 + Level 1.0 Slings
 + Level 2.4 Dodging
 + Level 2.8 Stealth
 * Level 2.8 Shields
 + Level 3.8 Unarmed Combat
 + Level 3.2 Spellcasting
 + Level 3.3 Transmutations


You had 3 spell levels left.
You knew the following spells:

 Your Spells              Type           Power      Damage    Failure   Level
a - Beastly Appendage     Tmut           24%        N/A       4%          1
b - Wereblood             Tmut           12%        N/A       8%          2
c - Spider Form           Tmut/Pois      7%         N/A       30%         3
d - Slow                  Hex            8%         N/A       21%         1
e - Passwall              Tmut/Erth      5%         N/A       16%         2

Your spell library contained the following spells:

 Spells                   Type           Power      Damage    Failure   Level
 Confusing Touch          Hex            2%         N/A       52%         3
 Swiftness                Air            2%         N/A       52%         3
 Ice Form                 Ice/Tmut       7%         N/A       69%         4
 Yara's Violent Unravell  Hex/Tmut       3%         3d4       95%         5


Dungeon Overview and Level Annotations

Branches:
Dungeon (5/15)             Temple (0/1) D:4

Altars:
Makhleb
Ru
Wu Jian
Zin

Annotations:
D:8 Gastronok


Innate Abilities, Weirdness & Mutations

One of your tentacles has grown a beastly spike.
You cannot wear most types of armour.
You are amphibious.
You can wear up to eight rings at the same time.
Your skin changes colour to match your surroundings (Stealth+).
Your rubbery body absorbs attacks. (AC +1, EV +1)
((You are camouflaged near water. (Stealth+)))
You have tentacles for arms and can constrict up to eight enemies at once.


Message History

A centaur zombie comes into view.
Found a stone staircase leading up.
You hit the centaur zombie. You squeeze the centaur zombie.
The centaur zombie is lightly damaged.
The centaur zombie closely misses you.
The centaur zombie kicks you but does no damage.
Casting: Wereblood (safe; 8% risk of failure)
Confirm with . or Enter, or press ? or * to list all spells.
One of your tentacles grows a vicious spike.
The centaur zombie hits you. The centaur zombie closely misses you.
The centaur zombie hits you but does no damage.
The centaur zombie kicks you.
Gastronok gurgles horribly!
You hit the centaur zombie but do no damage.
You pierce the centaur zombie, but do no damage.
You squeeze the centaur zombie.
The centaur zombie is moderately damaged.
The centaur zombie misses you. x2
You barely miss the centaur zombie.
The centaur zombie is moderately damaged.
The centaur zombie hits you.
The centaur zombie closely misses you. x2
The centaur zombie kicks you but does no damage.
You hit the centaur zombie. You squeeze the centaur zombie.
The centaur zombie is heavily damaged.
The centaur zombie completely misses you.
The centaur zombie barely misses you.
You hit the centaur zombie.
You pierce the centaur zombie.
You squeeze the centaur zombie!
The centaur zombie is almost destroyed.
The centaur zombie completely misses you.
The centaur zombie closely misses you. x2
The centaur zombie kicks you but does no damage.
You hit the centaur zombie.
You destroy the centaur zombie!
Makhleb accepts your kill.
Your Slings skill increases to level 1!
Gastronok waves his eye-stalks in wide circles.
The air twists around and strikes you!!
Ouch! That really hurt!
You die...

#. #.# #.# #
# #.# .##.#
#.###.....
#......#
#......#.#
#.@<.....#
###.########
#..........
#.#.######.
#w#...
#.#####
#.######
#..Z...#
#......#


You could see Gastronok (swift).

Vanquished Creatures
  Sigmund (D:3)
  A centaur zombie (D:8)
  A hound (D:4)
  Jessica (D:2)
  An iguana (D:5)
  Terence (D:2)
  2 orc wizards
  A hound skeleton (D:5)
  3 gnolls (D:4)
  4 adders
  A worm (D:2)
  A dart slug (D:1)
  14 orcs
  9 bats
  8 endoplasms
  2 giant cockroaches (D:4)
  2 goblins (D:3)
  4 hobgoblins
  4 kobolds
  2 quokkas
  6 ball pythons (D:3)
  6 frilled lizards
  A jackal skeleton (D:4)
  7 rats
83 creatures vanquished.

Notes
Turn   | Place    | Note
-------+----------+-------------------------------------------
     0 | D:1      | croobank the Octopode Transmuter began the quest for the
                  | Orb.
     0 | D:1      | Reached XP level 1. HP: 13/13 MP: 3/3
   186 | D:1      | Reached XP level 2. HP: 18/18 MP: 3/5
   927 | D:1      | Reached XP level 3. HP: 23/23 MP: 4/6
   980 | D:2      | Found a faded altar of an unknown god.
  1120 | D:2      | Noticed Jessica
  1124 | D:2      | Learned a level 2 spell: Wereblood
  1129 | D:2      | Killed Jessica
  1130 | D:2      | Reached skill level 1 in Stealth
  1335 | D:2      | Reached skill level 1 in Shields
  1335 | D:2      | Reached XP level 4. HP: 28/28 MP: 5/7
  1474 | D:2      | Learned a level 3 spell: Spider Form
  2154 | D:2      | Noticed Terence
  2162 | D:2      | Killed Terence
  2163 | D:2      | Reached skill level 1 in Maces & Flails
  2576 | D:3      | Found a sacrificial altar of Ru.
  2659 | D:3      | Reached XP level 5. HP: 32/33 MP: 8/8
  2904 | D:3      | Found an ornate altar of the Wu Jian Council.
  2908 | D:3      | Noticed Sigmund
  2969 | D:3      | Found a burning altar of Makhleb.
  2975 | D:3      | Found a glowing silver altar of Zin.
  2976 | D:3      | Noticed an Executioner
  2976 | D:3      | Noticed an angel
  2979 | D:3      | Became a worshipper of Makhleb the Destroyer
  3188 | D:4      | Learned a level 1 spell: Slow
  3475 | D:4      | Reached XP level 6. HP: 21/38 MP: 7/10
  3946 | D:4      | Found a staircase to the Ecumenical Temple.
  4046 | D:3      | Killed Sigmund
  4046 | D:3      | Reached * piety under Makhleb
  4247 | D:3      | Learned a level 2 spell: Passwall
  4343 | D:5      | Entered Level 5 of the Dungeon
  4369 | D:5      | Reached XP level 7. HP: 35/43 MP: 11/11
  4467 | D:5      | You fall into a shaft and drop 3 floors!
  4472 | D:8      | Noticed Gastronok
  4523 | D:8      | Reached skill level 1 in Slings
  4524 | D:8      | Killed from afar by Gastronok

Illustrated notes

Levels and vault maps discovered:
D:1:      lemuel_arrival_funnel, layout_loops_ring, minmay_misc_feat_tiny
D:2:      layout_basic, nicolae_ecumenical_oubliette, uniq_terence, uniq_jessica
D:3:      layout_rooms, grunt_temple_overflow_order_and_chaos_2,
          nicolae_ru_awakened_eye, nicolae_wu_jian_wuxing_cycle, uniq_sigmund
D:4:      layout_rooms, lemuel_temple_firewalk_b
D:5:      layout_basic, serial_shops, nicolae_shop_waterfront,
          biasface_ghost_orc_armoury
D:8:      layout_basic, hangedman_decor_points, grunt_ministairs_7,
          uniq_prince_ribbit1, uniq_erica, uniq_gastronok, uniq_psyche

Skill      XL: |  1  2  3  4  5  6  7 |
---------------+----------------------+-----
Stealth        | 1 2 |  2.8
Shields        | 1 2 |  2.8
Maces & Flails | 1 2 |  2.5
Spellcasting   | 3 |  3.2
Transmutations | 3 |  3.3
Slings         | 1 |  1.0
Fighting       | |  1.9
Axes           | |  0.1
Polearms       | |  0.5
Dodging        | |  2.4
Unarmed Combat | |  3.8

Action                   |  1- 3 |  4- 6 |  7- 9 || total
-------------------------+-------+-------+-------++-------
Melee: Unarmed           |    47 |       |       ||    47
       Constrict         |    16 |    17 |     4 ||    37
       Tentacles         |    11 |    17 |     7 ||    35
       Kick              |     8 |     9 |     3 ||    20
       Punch             |     1 |     1 |       ||     2
       Club              |     5 |    76 |       ||    81
       Hand axe          |       |    14 |    22 ||    36
       Trident           |       |     1 |       ||     1
 Fire: Hunting sling     |       |     6 |       ||     6
 Cast: Beastly Appendage |    17 |    25 |     3 ||    45
       Wereblood         |     2 |    10 |     1 ||    13
  Use: Scroll            |     1 |     3 |       ||     4
 Stab: Sleeping          |     6 |     9 |     1 ||    16
Armor: Skin              |    13 |     3 |     4 ||    20
Dodge: Dodged            |    41 |    58 |    28 ||   127

Table legend: (Time is in decaauts)
 A = Elapsed time spent in this place.
 B = Non-inter-level travel time spent in this place.
 C = Inter-level travel time spent in this place.
 D = Time resting spent in this place.
 E = Time spent auto-exploring this place.
 F = Levels seen in this place.
 G = Mean time per level.
                   A        B        C        D        E       F      G
               +--------+--------+--------+--------+--------+-----+--------+
         Total |   4548 |   4303 |    245 |    576 |   2740 |   6 |  758.0 |
       Dungeon |   4548 |   4303 |    245 |    576 |   2740 |   6 |  758.0 |
               +--------+--------+--------+--------+--------+-----+--------+

Top non-repeatable levels by time:
     D:2: 1454 daAuts
     D:1: 1063 daAuts
     D:3: 942 daAuts
     D:4: 902 daAuts
     D:5: 125 daAuts
     D:8: 60 daAuts
